 Dungeon Crawl Stone Soup version 0.31-a0-175-g9f7f995f2b (webtiles) character file.

Game seed: 12563054029826338019

56 qw the Shooter (level 3, -2/23 HPs)
             Began as a Gargoyle Hunter on June 16, 2023.
             Slain by a cerulean imp
             ... wielding a +1 spear
             ... summoned by Natasha
              (5 damage)
             ... on level 2 of the Dungeon.
             The game lasted 00:00:26 (963 turns).

qw the Shooter (Gargoyle Hunter)                     Turns: 963, Time: 00:00:26

Health: -2/23      AC:  6    Str: 14    XL:     3   Next: 97%
Magic:  3/3        EV: 11    Int:  9    God:
Gold:   51         SH:  0    Dex: 15    Spells: 2/2 levels left

rFire   . . .        Y - +0 shortbow
rCold   . . .        (shield currently unavailable)
rNeg    + . .        c - +0 leather armour
rPois   inf          (no helmet)
rElec   +            (no cloak)
rCorr   .            (no gloves)
SInv    .            (no boots)
Will    .....        (no amulet)
Stlth   ++           (no ring)
HPRegen 0.23/turn    (no ring)
MPRegen 0.08/turn

%: no passive effects
@: no status effects
A: sickness immunity, AC +3, negative energy resistance 1, electricity
resistance, torment resistance 1, petrification resistance
a: no special abilities


You were on level 2 of the Dungeon.
You visited 1 branch of the dungeon, and saw 2 of its levels.

You collected 51 gold pieces.


Innate Abilities, Weirdness & Mutations

You are immune to sickness and miasma.
Your stone body is resilient. (AC +3)
You are immune to poison.
You resist negative energy. (rN+)
You are resistant to electric shocks. (rElec)
You are resistant to unholy torment.
You are immune to petrification.


   Skills:
 - Level 3.1 Fighting
 + Level 5.0 Ranged Weapons
 - Level 1.5 Dodging
 - Level 1.1 Stealth


You had 2 spell levels left.
You didn't know any spells.
Your spell library was empty.

Inventory:

Hand Weapons
 Y - a +0 shortbow (weapon)
Armour
 c - a +0 leather armour (worn)
Scrolls
 a - 2 scrolls of identify
Potions
 d - a potion of mutation {unknown}
 g - a potion of brilliance {unknown}

Dungeon Overview and Level Annotations

Branches:
Dungeon (2/15)

Altars:

Annotations:
D:2 Natasha


Message History

The cerulean imp barely misses you.
The cerulean imp hits you from afar with a +1 spear.
Natasha growls.
The cerulean imp barely misses you.
You shoot an arrow.
The arrow completely misses the cerulean imp.
The cerulean imp barely misses you.
The cerulean imp hits you but does no damage.
The cerulean imp hits you from afar with a +1 spear.
The cerulean imp hits you but does no damage.
You shoot an arrow. The arrow closely misses Natasha.
The arrow barely misses the cerulean imp.
Natasha claws you but does no damage. The cerulean imp closely misses you.
The cerulean imp hits you from afar with a +1 spear.
The cerulean imp hits you but does no damage.
Natasha claws you but does no damage. The cerulean imp closely misses you.
You shoot an arrow.
The arrow hits Natasha but does no damage.
Natasha is almost dead.
The cerulean imp closely misses you. The cerulean imp misses you.
Natasha barely misses you.
The cerulean imp hits you with a +1 spear.
You shoot an arrow.
The arrow hits Natasha but does no damage.
Natasha is almost dead.
The cerulean imp hits you but does no damage.
The cerulean imp closely misses you. Natasha claws you!
The cerulean imp hits you but does no damage.
You shoot an arrow. The arrow closely misses Natasha.
The arrow hits the cerulean imp but does no damage.
The cerulean imp hits you but does no damage. x2
Natasha casts a spell at you. The magic dart hits you.
The cerulean imp hits you with a +1 spear.
The cerulean imp misses you.
You shoot an arrow.
The arrow hits Natasha but does no damage.
Natasha is almost dead.
The cerulean imp hits you from afar with a +1 spear.
You die...

########.................#
......<..)...)..........#
............#.........<##
########....#########.##
###..# ##..# ##.# ####..##
#.# #....## #.# ##.#### ..
#@.# #...h5## #..55##
#.##. # #. .. .. ...


You could see Natasha and 3 cerulean imps.

Vanquished Creatures
  2 adders (D:2)
  A dart slug (D:1)
  2 endoplasms (D:1)
  2 giant cockroaches (D:1)
  6 goblins
  6 hobgoblins
  A jackal (D:1)
  3 kobolds
  A quokka (D:1)
  5 ball pythons
  2 frilled lizards (D:1)
  4 rats
35 creatures vanquished.

Notes
Turn   | Place    | Note
-------+----------+-------------------------------------------
     0 | D:1      | qw the Gargoyle Hunter began the quest for the Orb.
     0 | D:1      | Reached XP level 1. HP: 12/12 MP: 1/1
     0 | D:1      | 0 ||| qw: Version: 0.2-a-29-g511e9b1
     0 | D:1      | 0 ||| qw: Game counter: 5919
     0 | D:1      | 0 ||| qw: Always use a shield: true
     0 | D:1      | 0 ||| qw: God list: Okawaru
     0 | D:1      | 0 ||| qw: Allow faded altars: false
     0 | D:1      | 0 ||| qw: Do Orc after D:15 true
     0 | D:1      | 0 ||| qw: Do second Lair branch before Depths: true
     0 | D:1      | 0 ||| qw: Lair rune preference: random
     0 | D:1      | 0 ||| qw: Plans: Normal, Zot:1-4, Slime:5, God:TSO, Crypt,
                  | Tomb, Abyss, Pan, Hells, Win
     0 | D:1      | 0 ||| PLANNING D:1-11
   155 | D:1      | 155 ||| FLEEEEING.
   156 | D:1      | 156 ||| FLEEEEING.
   185 | D:1      | Reached XP level 2. HP: 17/17 MP: 2/2
   685 | D:1      | 685 ||| READING 2 scrolls labelled OLIAFO WUDECAEJ.
   686 | D:1      | 686 ||| READING scroll labelled ZEYNIUN ICEFF.
   687 | D:1      | 687 ||| DROPPING scroll of butterflies.
   719 | D:2      | 719 ||| STAIRDANCE
   724 | D:1      | Reached XP level 3. HP: 11/21 MP: 3/3
   791 | D:2      | 791 ||| STAIRDANCE
   794 | D:1      | Reached skill level 5 in Ranged Weapons
   916 | D:2      | Reached skill level 3 in Fighting
   950 | D:2      | Noticed Natasha
   962 | D:2      | HP: 2/23 [cerulean imp/+1 spear[Natasha] (4)]
   963 | D:2      | Slain by a cerulean imp

Levels and vault maps discovered:
D:1:      doesnt_arrival_eight_statues, layout_loops_ring
D:2:      layout_rooms, uniq_natasha

Skill      XL: |  1  2  3 |
---------------+----------+-----
Ranged Weapons | 5 |  5.0
Fighting       | 3 |  3.1
Dodging        | |  1.5
Stealth        | |  1.1

Action                     || total
---------------------------++-------
   Fire: Shortbow          ||   108
    Use: Scroll            ||     2
 Armour: Leather armour    ||    32
  Dodge: Dodged            ||    42

Table legend:
 A = Non-vault XP
 B = Vault XP
 C = Vault XP percentage of total XP
 D = Non-vault monster count
 E = Vault monster count
 F = Vault count percentage of total count
                 A         B        C        D         E       F
            +---------+---------+-------+---------+---------+-------
      Total |      81 |       0 |   0.0 |      35 |       0 |   0.0
            +---------+---------+-------+---------+---------+-------
        D:1 |      38 |       0 |   0.0 |      22 |       0 |   0.0
        D:2 |      43 |       0 |   0.0 |      13 |       0 |   0.0
            +---------+---------+-------+---------+---------+-------
